Workbook
Name OK: #REF!
Name OK: #REF!
Name OK: #REF!
Name OK: #REF!
Name QRY_FTETOTAL: #REF!
Name QRY_FTETOTAL: #REF!
Name QRY_FTETOTAL: #REF!
Name QRY_FTETOTAL: #REF!
Name what: #REF!
Name what: #REF!
Name what: #REF!
Name what: #REF!

Sheet Table A (Consolidated)
A1: Table A: FY 2026-27 Current Funds Budget
A2: University of Colorado
A3: Consolidated
A5: Description | B5: FY 2025-26 | D5: FY 2026-27
B6: Original Total Current Funds | C6: June Estimate Total Current Funds | D6: Education & General Fund | E6: Auxiliary & Self-Funded Activities | F6: Restricted Fund | G6: Total Current Funds Budget
A7: Revenues
A8: Student Tuition and Fees
A9: Resident Tuition
A10: Resident Tuition - COF | B10: ='Table A (Boulder)'!B10+'Table A (UCCS) '!B10+'Table A (Denver) '!C10+'Table A (Anschutz) '!B10 -> 98466992 | C10: ='Table A (Boulder)'!C10+'Table A (UCCS) '!C10+'Table A (Denver) '!D10+'Table A (Anschutz) '!C10 -> 98466992 | D10: ='Table A (Boulder)'!D10+'Table A (UCCS) '!D10+'Table A (Denver) '!E10+'Table A (Anschutz) '!D10 -> 101502900 | E10: ='Table A (Boulder)'!E10+'Table A (UCCS) '!E10+'Table A (Denver) '!F10+'Table A (Anschutz) '!E10 -> 0 | F10: ='Table A (Boulder)'!F10+'Table A (UCCS) '!F10+'Table A (Denver) '!G10+'Table A (Anschutz) '!F10 -> 0 | G10: =SUM(D10:F10) -> 101502900
A11: Undergraduate Tuition - Student Share | B11: ='Table A (Boulder)'!B11+'Table A (UCCS) '!B11+'Table A (Denver) '!C11+'Table A (Anschutz) '!B11 -> 467409948 | C11: ='Table A (Boulder)'!C11+'Table A (UCCS) '!C11+'Table A (Denver) '!D11+'Table A (Anschutz) '!C11 -> 4.7358556e+08 | D11: ='Table A (Boulder)'!D11+'Table A (UCCS) '!D11+'Table A (Denver) '!E11+'Table A (Anschutz) '!D11 -> 496930800 | E11: ='Table A (Boulder)'!E11+'Table A (UCCS) '!E11+'Table A (Denver) '!F11+'Table A (Anschutz) '!E11 -> 0 | F11: ='Table A (Boulder)'!F11+'Table A (UCCS) '!F11+'Table A (Denver) '!G11+'Table A (Anschutz) '!F11 -> 0 | G11: =SUM(D11:F11) -> 496930800
A12: Graduate | B12: ='Table A (Boulder)'!B12+'Table A (UCCS) '!B12+'Table A (Denver) '!C12+'Table A (Anschutz) '!B12 -> 175472289 | C12: ='Table A (Boulder)'!C12+'Table A (UCCS) '!C12+'Table A (Denver) '!D12+'Table A (Anschutz) '!C12 -> 1.8021608e+08 | D12: ='Table A (Boulder)'!D12+'Table A (UCCS) '!D12+'Table A (Denver) '!E12+'Table A (Anschutz) '!D12 -> 1.8606016e+08 | E12: ='Table A (Boulder)'!E12+'Table A (UCCS) '!E12+'Table A (Denver) '!F12+'Table A (Anschutz) '!E12 -> 0 | F12: ='Table A (Boulder)'!F12+'Table A (UCCS) '!F12+'Table A (Denver) '!G12+'Table A (Anschutz) '!F12 -> 0 | G12: =SUM(D12:F12) -> 1.8606016e+08
A13: Non-Resident Tuition
A14: Undergraduate | B14: ='Table A (Boulder)'!B14+'Table A (UCCS) '!B14+'Table A (Denver) '!C14+'Table A (Anschutz) '!B14 -> 665283448 | C14: ='Table A (Boulder)'!C14+'Table A (UCCS) '!C14+'Table A (Denver) '!D14+'Table A (Anschutz) '!C14 -> 6.3756106e+08 | D14: ='Table A (Boulder)'!D14+'Table A (UCCS) '!D14+'Table A (Denver) '!E14+'Table A (Anschutz) '!D14 -> 6.7819308e+08 | E14: ='Table A (Boulder)'!E14+'Table A (UCCS) '!E14+'Table A (Denver) '!F14+'Table A (Anschutz) '!E14 -> 0 | F14: ='Table A (Boulder)'!F14+'Table A (UCCS) '!F14+'Table A (Denver) '!G14+'Table A (Anschutz) '!F14 -> 0 | G14: =SUM(D14:F14) -> 6.7819308e+08
A15: Graduate | B15: ='Table A (Boulder)'!B15+'Table A (UCCS) '!B15+'Table A (Denver) '!C15+'Table A (Anschutz) '!B15 -> 1.2250202e+08 | C15: ='Table A (Boulder)'!C15+'Table A (UCCS) '!C15+'Table A (Denver) '!D15+'Table A (Anschutz) '!C15 -> 1.2842623e+08 | D15: ='Table A (Boulder)'!D15+'Table A (UCCS) '!D15+'Table A (Denver) '!E15+'Table A (Anschutz) '!D15 -> 1.3315196e+08 | E15: ='Table A (Boulder)'!E15+'Table A (UCCS) '!E15+'Table A (Denver) '!F15+'Table A (Anschutz) '!E15 -> 0 | F15: ='Table A (Boulder)'!F15+'Table A (UCCS) '!F15+'Table A (Denver) '!G15+'Table A (Anschutz) '!F15 -> 0 | G15: =SUM(D15:F15) -> 1.3315196e+08
A16: Other Tuition - Continuing Education | B16: ='Table A (Boulder)'!B16+'Table A (UCCS) '!B16+'Table A (Denver) '!C16+'Table A (Anschutz) '!B16 -> 1.0081694e+08 | C16: ='Table A (Boulder)'!C16+'Table A (UCCS) '!C16+'Table A (Denver) '!D16+'Table A (Anschutz) '!C16 -> 1.0500037e+08 | D16: ='Table A (Boulder)'!D16+'Table A (UCCS) '!D16+'Table A (Denver) '!E16+'Table A (Anschutz) '!D16 -> 0 | E16: ='Table A (Boulder)'!E16+'Table A (UCCS) '!E16+'Table A (Denver) '!F16+'Table A (Anschutz) '!E16 -> 105166291 | F16: ='Table A (Boulder)'!F16+'Table A (UCCS) '!F16+'Table A (Denver) '!G16+'Table A (Anschutz) '!F16 -> 0 | G16: =SUM(D16:F16) -> 105166291
A17: Student Fees | B17: ='Table A (Boulder)'!B17+'Table A (UCCS) '!B17+'Table A (Denver) '!C17+'Table A (Anschutz) '!B17 -> 112116897 | C17: ='Table A (Boulder)'!C17+'Table A (UCCS) '!C17+'Table A (Denver) '!D17+'Table A (Anschutz) '!C17 -> 119789648 | D17: ='Table A (Boulder)'!D17+'Table A (UCCS) '!D17+'Table A (Denver) '!E17+'Table A (Anschutz) '!D17 -> 25656105 | E17: ='Table A (Boulder)'!E17+'Table A (UCCS) '!E17+'Table A (Denver) '!F17+'Table A (Anschutz) '!E17 -> 85632255 | F17: ='Table A (Boulder)'!F17+'Table A (UCCS) '!F17+'Table A (Denver) '!G17+'Table A (Anschutz) '!F17 -> 0 | G17: =SUM(D17:F17) -> 1.1128836e+08
A18: Accountable Student Fees | B18: ='Table A (Boulder)'!B18+'Table A (UCCS) '!B18+'Table A (Denver) '!C18+'Table A (Anschutz) '!B18 -> 10576451 | C18: ='Table A (Boulder)'!C18+'Table A (UCCS) '!C18+'Table A (Denver) '!D18+'Table A (Anschutz) '!C18 -> 11037442 | D18: ='Table A (Boulder)'!D18+'Table A (UCCS) '!D18+'Table A (Denver) '!E18+'Table A (Anschutz) '!D18 -> 11361301 | E18: ='Table A (Boulder)'!E18+'Table A (UCCS) '!E18+'Table A (Denver) '!F18+'Table A (Anschutz) '!E18 -> 0 | F18: ='Table A (Boulder)'!F18+'Table A (UCCS) '!F18+'Table A (Denver) '!G18+'Table A (Anschutz) '!F18 -> 0 | G18: =SUM(D18:F18) -> 11361301
A19: Subtotal - Student Tuition and Fees | B19: =SUM(B10:B18) -> 1.752645e+09 | C19: =SUM(C10:C12,C14:C18) -> 1.7540834e+09 | D19: =SUM(D10:D12,D14:D18) -> 1.6328563e+09 | E19: =SUM(E10:E12,E14:E18) -> 190798546 | F19: =SUM(F10:F12,F14:F18) -> 0 | G19: =SUM(G10:G12,G14:G18) -> 1.8236549e+09
A20: Investment and Interest Income | B20: ='Table A (Boulder)'!B20+'Table A (Anschutz) '!B20 -> 19218858 | C20: ='Table A (Boulder)'!C20+'Table A (Anschutz) '!C20 -> 31839536 | D20: ='Table A (Boulder)'!D20+'Table A (Anschutz) '!D20 -> 0 | E20: ='Table A (Boulder)'!E20+'Table A (Anschutz) '!E20 -> 27623428 | F20: ='Table A (Boulder)'!F20+'Table A (Anschutz) '!F20 -> 0 | G20: =SUM(D20:F20) -> 27623428
A21: Grants and Contracts
A22: Federal Grants & Contracts | B22: ='Table A (Boulder)'!B22+'Table A (UCCS) '!B22+'Table A (Denver) '!C22+'Table A (Anschutz) '!B22 -> 9.0623213e+08 | C22: ='Table A (Boulder)'!C22+'Table A (UCCS) '!C22+'Table A (Denver) '!D22+'Table A (Anschutz) '!C22 -> 852073623 | D22: ='Table A (Boulder)'!D22+'Table A (UCCS) '!D22+'Table A (Denver) '!E22+'Table A (Anschutz) '!D22 -> 0 | E22: ='Table A (Boulder)'!E22+'Table A (UCCS) '!E22+'Table A (Denver) '!F22+'Table A (Anschutz) '!E22 -> 0 | F22: ='Table A (Boulder)'!F22+'Table A (UCCS) '!F22+'Table A (Denver) '!G22+'Table A (Anschutz) '!F22 -> 8.1711195e+08 | G22: =SUM(D22:F22) -> 8.1711195e+08
A23: State and Local Grants & Contracts | B23: ='Table A (Boulder)'!B23+'Table A (UCCS) '!B23+'Table A (Denver) '!C23+'Table A (Anschutz) '!B23 -> 81990050 | C23: ='Table A (Boulder)'!C23+'Table A (UCCS) '!C23+'Table A (Denver) '!D23+'Table A (Anschutz) '!C23 -> 75764068 | D23: ='Table A (Boulder)'!D23+'Table A (UCCS) '!D23+'Table A (Denver) '!E23+'Table A (Anschutz) '!D23 -> 0 | E23: ='Table A (Boulder)'!E23+'Table A (UCCS) '!E23+'Table A (Denver) '!F23+'Table A (Anschutz) '!E23 -> 0 | F23: ='Table A (Boulder)'!F23+'Table A (UCCS) '!F23+'Table A (Denver) '!G23+'Table A (Anschutz) '!F23 -> 75965743 | G23: =SUM(D23:F23) -> 75965743
A24: Tobacco Funding<1> | B24: ='Table A (Anschutz) '!B24 -> 13838573 | C24: ='Table A (Anschutz) '!C24 -> 13838573 | D24: ='Table A (Anschutz) '!D24 -> 12839508 | E24: ='Table A (Anschutz) '!E24 -> 0 | F24: ='Table A (Anschutz) '!F24 -> 0 | G24: =SUM(D24:F24) -> 12839508
A25: Marijuana Tax Cash Fund<2> | B25: ='Table A (Anschutz) '!B25 -> 3125000 | C25: ='Table A (Anschutz) '!C25 -> 3500812 | D25: ='Table A (Anschutz) '!D25 -> 3250000 | E25: ='Table A (Anschutz) '!E25 -> 0 | F25: ='Table A (Anschutz) '!F25 -> 0 | G25: =SUM(D25:F25) -> 3250000
A26: Fee for Service Contract<3> <4> | B26: ='Table A (Boulder)'!B25+'Table A (UCCS) '!B26+'Table A (Denver) '!C26+'Table A (Anschutz) '!B26 -> 245430848 | C26: ='Table A (Boulder)'!C25+'Table A (UCCS) '!C26+'Table A (Denver) '!D26+'Table A (Anschutz) '!C26 -> 245430848 | D26: ='Table A (Boulder)'!D25+'Table A (UCCS) '!D26+'Table A (Denver) '!E26+'Table A (Anschutz) '!D26 -> 2.4448136e+08 | E26: ='Table A (Boulder)'!E25+'Table A (UCCS) '!E26+'Table A (Denver) '!F26+'Table A (Anschutz) '!E26 -> 0 | F26: ='Table A (Boulder)'!F25+'Table A (UCCS) '!F26+'Table A (Denver) '!G26+'Table A (Anschutz) '!F26 -> 0 | G26: =SUM(D26:F26) -> 2.4448136e+08
A27: Subtotal - Grants & Contracts | B27: =SUM(B20:B26) -> 1.2698355e+09 | C27: =SUM(C20:C26) -> 1222447460 | D27: =SUM(D20:D26) -> 2.6057087e+08 | E27: =SUM(E20:E26) -> 27623428 | F27: =SUM(F20:F26) -> 8.9307769e+08 | G27: =SUM(G20:G26) -> 1.181272e+09
A28: Private/other gifts, grants and contracts | B28: ='Table A (Boulder)'!B27+'Table A (UCCS) '!B28+'Table A (Denver) '!C28+'Table A (Anschutz) '!B28 -> 6.5889857e+08 | C28: ='Table A (Boulder)'!C27+'Table A (UCCS) '!C28+'Table A (Denver) '!D28+'Table A (Anschutz) '!C28 -> 6.7729226e+08 | D28: ='Table A (Boulder)'!D27+'Table A (UCCS) '!D28+'Table A (Denver) '!E28+'Table A (Anschutz) '!D28 -> 0 | E28: ='Table A (Boulder)'!E27+'Table A (UCCS) '!E28+'Table A (Denver) '!F28+'Table A (Anschutz) '!E28 -> 0 | F28: ='Table A (Boulder)'!F27+'Table A (UCCS) '!F28+'Table A (Denver) '!G28+'Table A (Anschutz) '!F28 -> 7.0071416e+08 | G28: =SUM(D28:F28) -> 7.0071416e+08
A29: Sales & Services of educational departments | B29: ='Table A (Boulder)'!B28+'Table A (UCCS) '!B29+'Table A (Denver) '!C29+'Table A (Anschutz) '!B29 -> 330461639 | C29: ='Table A (Boulder)'!C28+'Table A (UCCS) '!C29+'Table A (Denver) '!D29+'Table A (Anschutz) '!C29 -> 3.3215079e+08 | D29: ='Table A (Boulder)'!D28+'Table A (UCCS) '!D29+'Table A (Denver) '!E29+'Table A (Anschutz) '!D29 -> 0 | E29: ='Table A (Boulder)'!E28+'Table A (UCCS) '!E29+'Table A (Denver) '!F29+'Table A (Anschutz) '!E29 -> 349602786 | F29: ='Table A (Boulder)'!F28+'Table A (UCCS) '!F29+'Table A (Denver) '!G29+'Table A (Anschutz) '!F29 -> 0 | G29: =SUM(D29:F29) -> 349602786
A30: Auxiliary Operating Revenues | B30: ='Table A (Boulder)'!B29+'Table A (UCCS) '!B30+'Table A (Denver) '!C30+'Table A (Anschutz) '!B30 -> 406336580 | C30: ='Table A (Boulder)'!C29+'Table A (UCCS) '!C30+'Table A (Denver) '!D30+'Table A (Anschutz) '!C30 -> 4.0549196e+08 | D30: ='Table A (Boulder)'!D29+'Table A (UCCS) '!D30+'Table A (Denver) '!E30+'Table A (Anschutz) '!D30 -> 0 | E30: ='Table A (Boulder)'!E29+'Table A (UCCS) '!E30+'Table A (Denver) '!F30+'Table A (Anschutz) '!E30 -> 412336822 | F30: ='Table A (Boulder)'!F29+'Table A (UCCS) '!F30+'Table A (Denver) '!G30+'Table A (Anschutz) '!F30 -> 0 | G30: =SUM(D30:F30) -> 412336822
A31: Health Services | B31: ='Table A (Boulder)'!B30+'Table A (UCCS) '!B31+'Table A (Denver) '!C31+'Table A (Anschutz) '!B31 -> 1800554546 | C31: ='Table A (Boulder)'!C30+'Table A (UCCS) '!C31+'Table A (Denver) '!D31+'Table A (Anschutz) '!C31 -> 1830280831 | D31: ='Table A (Boulder)'!D30+'Table A (UCCS) '!D31+'Table A (Denver) '!E31+'Table A (Anschutz) '!D31 -> 2219267 | E31: ='Table A (Boulder)'!E30+'Table A (UCCS) '!E31+'Table A (Denver) '!F31+'Table A (Anschutz) '!E31 -> 1930388838 | F31: ='Table A (Boulder)'!F30+'Table A (UCCS) '!F31+'Table A (Denver) '!G31+'Table A (Anschutz) '!F31 -> 0 | G31: =SUM(D31:F31) -> 1932608105
A32: Other Revenues
A33: Indirect Cost Reimbursement | B33: ='Table A (Boulder)'!B32+'Table A (UCCS) '!B33+'Table A (Denver) '!C33+'Table A (Anschutz) '!B33 -> 3.2256117e+08 | C33: ='Table A (Boulder)'!C32+'Table A (UCCS) '!C33+'Table A (Denver) '!D33+'Table A (Anschutz) '!C33 -> 307685240 | D33: ='Table A (Boulder)'!D32+'Table A (UCCS) '!D33+'Table A (Denver) '!E33+'Table A (Anschutz) '!D33 -> 253612214 | E33: ='Table A (Boulder)'!E32+'Table A (UCCS) '!E33+'Table A (Denver) '!F33+'Table A (Anschutz) '!E33 -> 37649275 | F33: ='Table A (Boulder)'!F32+'Table A (UCCS) '!F33+'Table A (Denver) '!G33+'Table A (Anschutz) '!F33 -> 0 | G33: =SUM(D33:F33) -> 291261489
A34: Denver AHEC Library Funding | B34: ='Table A (Boulder)'!B33+'Table A (UCCS) '!B34+'Table A (Denver) '!C34+'Table A (Anschutz) '!B34 -> 5602892 | C34: ='Table A (Boulder)'!C33+'Table A (UCCS) '!C34+'Table A (Denver) '!D34+'Table A (Anschutz) '!C34 -> 5602892 | D34: ='Table A (Boulder)'!D33+'Table A (UCCS) '!D34+'Table A (Denver) '!E34+'Table A (Anschutz) '!D34 -> 5825663 | E34: ='Table A (Boulder)'!E33+'Table A (UCCS) '!E34+'Table A (Denver) '!F34+'Table A (Anschutz) '!E34 -> 0 | F34: ='Table A (Boulder)'!F33+'Table A (UCCS) '!F34+'Table A (Denver) '!G34+'Table A (Anschutz) '!F34 -> 0 | G34: =SUM(D34:F34) -> 5825663
A35: Other Sources | B35: ='Table A (Boulder)'!B34+'Table A (UCCS) '!B35+'Table A (Denver) '!C35+'Table A (Anschutz) '!B35 -> 155349879 | C35: ='Table A (Boulder)'!C34+'Table A (UCCS) '!C35+'Table A (Denver) '!D35+'Table A (Anschutz) '!C35 -> 1.4490692e+08 | D35: ='Table A (Boulder)'!D34+'Table A (UCCS) '!D35+'Table A (Denver) '!E35+'Table A (Anschutz) '!D35 -> 30826971 | E35: ='Table A (Boulder)'!E34+'Table A (UCCS) '!E35+'Table A (Denver) '!F35+'Table A (Anschutz) '!E35 -> 108835428 | F35: ='Table A (Boulder)'!F34+'Table A (UCCS) '!F35+'Table A (Denver) '!G35+'Table A (Anschutz) '!F35 -> 6920079 | G35: =SUM(D35:F35) -> 146582478
A36: TOTAL REVENUES | B36: =SUM(B28:B35)+B27+B19 -> 6.7022457e+09 | C36: =SUM(C28:C35)+C27+C19 -> 6.6799417e+09 | D36: =SUM(D28:D35)+D27+D19 -> 2.1859113e+09 | E36: =SUM(E28:E35)+E27+E19 -> 3057235123 | F36: =SUM(F28:F35)+F27+F19 -> 1.6007119e+09 | G36: =SUM(G28:G35)+G27+G19 -> 6.8438583e+09
A38: Expenditures
A39: Educational & General:
A40: Instruction | B40: ='Table A (Boulder)'!B39+'Table A (UCCS) '!B40+'Table A (Denver) '!C40+'Table A (Anschutz) '!B40 -> 1557472569 | C40: ='Table A (Boulder)'!C39+'Table A (UCCS) '!C40+'Table A (Denver) '!D40+'Table A (Anschutz) '!C40 -> 1.5820952e+09 | D40: ='Table A (Boulder)'!D39+'Table A (UCCS) '!D40+'Table A (Denver) '!E40+'Table A (Anschutz) '!D40 -> 1.0805641e+09 | E40: ='Table A (Boulder)'!E39+'Table A (UCCS) '!E40+'Table A (Denver) '!F40+'Table A (Anschutz) '!E40 -> 2.8922989e+08 | F40: ='Table A (Boulder)'!F39+'Table A (UCCS) '!F40+'Table A (Denver) '!G40+'Table A (Anschutz) '!F40 -> 2.309359e+08 | G40: =SUM(D40:F40) -> 1.6007299e+09
A41: Research | B41: ='Table A (Boulder)'!B40+'Table A (UCCS) '!B41+'Table A (Denver) '!C41+'Table A (Anschutz) '!B41 -> 1115151853 | C41: ='Table A (Boulder)'!C40+'Table A (UCCS) '!C41+'Table A (Denver) '!D41+'Table A (Anschutz) '!C41 -> 1.0970204e+09 | D41: ='Table A (Boulder)'!D40+'Table A (UCCS) '!D41+'Table A (Denver) '!E41+'Table A (Anschutz) '!D41 -> 7818212.3 | E41: ='Table A (Boulder)'!E40+'Table A (UCCS) '!E41+'Table A (Denver) '!F41+'Table A (Anschutz) '!E41 -> 4538095.9 | F41: ='Table A (Boulder)'!F40+'Table A (UCCS) '!F41+'Table A (Denver) '!G41+'Table A (Anschutz) '!F41 -> 1.0491647e+09 | G41: =SUM(D41:F41) -> 1.061521e+09
A42: Public Service | B42: ='Table A (Boulder)'!B41+'Table A (UCCS) '!B42+'Table A (Denver) '!C42+'Table A (Anschutz) '!B42 -> 228090077 | C42: ='Table A (Boulder)'!C41+'Table A (UCCS) '!C42+'Table A (Denver) '!D42+'Table A (Anschutz) '!C42 -> 2.4395218e+08 | D42: ='Table A (Boulder)'!D41+'Table A (UCCS) '!D42+'Table A (Denver) '!E42+'Table A (Anschutz) '!D42 -> 605808.02 | E42: ='Table A (Boulder)'!E41+'Table A (UCCS) '!E42+'Table A (Denver) '!F42+'Table A (Anschutz) '!E42 -> 1.7685076e+08 | F42: ='Table A (Boulder)'!F41+'Table A (UCCS) '!F42+'Table A (Denver) '!G42+'Table A (Anschutz) '!F42 -> 72811017 | G42: =SUM(D42:F42) -> 2.5026759e+08
A43: Academic Support | B43: ='Table A (Boulder)'!B42+'Table A (UCCS) '!B43+'Table A (Denver) '!C43+'Table A (Anschutz) '!B43 -> 338158303 | C43: ='Table A (Boulder)'!C42+'Table A (UCCS) '!C43+'Table A (Denver) '!D43+'Table A (Anschutz) '!C43 -> 3.3308569e+08 | D43: ='Table A (Boulder)'!D42+'Table A (UCCS) '!D43+'Table A (Denver) '!E43+'Table A (Anschutz) '!D43 -> 2.9453361e+08 | E43: ='Table A (Boulder)'!E42+'Table A (UCCS) '!E43+'Table A (Denver) '!F43+'Table A (Anschutz) '!E43 -> 48196867 | F43: ='Table A (Boulder)'!F42+'Table A (UCCS) '!F43+'Table A (Denver) '!G43+'Table A (Anschutz) '!F43 -> 6126324.8 | G43: =SUM(D43:F43) -> 3.488568e+08
A44: Student Services | B44: ='Table A (Boulder)'!B43+'Table A (UCCS) '!B44+'Table A (Denver) '!C44+'Table A (Anschutz) '!B44 -> 1.929152e+08 | C44: ='Table A (Boulder)'!C43+'Table A (UCCS) '!C44+'Table A (Denver) '!D44+'Table A (Anschutz) '!C44 -> 1.8791183e+08 | D44: ='Table A (Boulder)'!D43+'Table A (UCCS) '!D44+'Table A (Denver) '!E44+'Table A (Anschutz) '!D44 -> 1.1390597e+08 | E44: ='Table A (Boulder)'!E43+'Table A (UCCS) '!E44+'Table A (Denver) '!F44+'Table A (Anschutz) '!E44 -> 76074303 | F44: ='Table A (Boulder)'!F43+'Table A (UCCS) '!F44+'Table A (Denver) '!G44+'Table A (Anschutz) '!F44 -> 2857734.8 | G44: =SUM(D44:F44) -> 1.92838e+08
A45: Institutional Support | B45: ='Table A (Boulder)'!B44+'Table A (UCCS) '!B45+'Table A (Denver) '!C45+'Table A (Anschutz) '!B45 -> 3.1184464e+08 | C45: ='Table A (Boulder)'!C44+'Table A (UCCS) '!C45+'Table A (Denver) '!D45+'Table A (Anschutz) '!C45 -> 3.2029382e+08 | D45: ='Table A (Boulder)'!D44+'Table A (UCCS) '!D45+'Table A (Denver) '!E45+'Table A (Anschutz) '!D45 -> 2.7589231e+08 | E45: ='Table A (Boulder)'!E44+'Table A (UCCS) '!E45+'Table A (Denver) '!F45+'Table A (Anschutz) '!E45 -> 25356415 | F45: ='Table A (Boulder)'!F44+'Table A (UCCS) '!F45+'Table A (Denver) '!G45+'Table A (Anschutz) '!F45 -> 35686781 | G45: =SUM(D45:F45) -> 3.3693551e+08
A46: Operations of Plant | B46: ='Table A (Boulder)'!B45+'Table A (UCCS) '!B46+'Table A (Denver) '!C46+'Table A (Anschutz) '!B46 -> 2.1262943e+08 | C46: ='Table A (Boulder)'!C45+'Table A (UCCS) '!C46+'Table A (Denver) '!D46+'Table A (Anschutz) '!C46 -> 2.1234404e+08 | D46: ='Table A (Boulder)'!D45+'Table A (UCCS) '!D46+'Table A (Denver) '!E46+'Table A (Anschutz) '!D46 -> 1.8768654e+08 | E46: ='Table A (Boulder)'!E45+'Table A (UCCS) '!E46+'Table A (Denver) '!F46+'Table A (Anschutz) '!E46 -> 28353014 | F46: ='Table A (Boulder)'!F45+'Table A (UCCS) '!F46+'Table A (Denver) '!G46+'Table A (Anschutz) '!F46 -> 2327864.9 | G46: =SUM(D46:F46) -> 2.1836742e+08
A47: Scholarships & Fellowships | B47: ='Table A (Boulder)'!B46+'Table A (UCCS) '!B47+'Table A (Denver) '!C47+'Table A (Anschutz) '!B47 -> 346066245 | C47: ='Table A (Boulder)'!C46+'Table A (UCCS) '!C47+'Table A (Denver) '!D47+'Table A (Anschutz) '!C47 -> 3.5270358e+08 | D47: ='Table A (Boulder)'!D46+'Table A (UCCS) '!D47+'Table A (Denver) '!E47+'Table A (Anschutz) '!D47 -> 1.5212405e+08 | E47: ='Table A (Boulder)'!E46+'Table A (UCCS) '!E47+'Table A (Denver) '!F47+'Table A (Anschutz) '!E47 -> 16370579 | F47: ='Table A (Boulder)'!F46+'Table A (UCCS) '!F47+'Table A (Denver) '!G47+'Table A (Anschutz) '!F47 -> 1.9217077e+08 | G47: =SUM(D47:F47) -> 3.606654e+08
A48: Auxiliary Operating Expenditures | B48: ='Table A (Boulder)'!B47+'Table A (UCCS) '!B48+'Table A (Denver) '!C48+'Table A (Anschutz) '!B48 -> 3.5300803e+08 | C48: ='Table A (Boulder)'!C47+'Table A (UCCS) '!C48+'Table A (Denver) '!D48+'Table A (Anschutz) '!C48 -> 3.4439071e+08 | D48: ='Table A (Boulder)'!D47+'Table A (UCCS) '!D48+'Table A (Denver) '!E48+'Table A (Anschutz) '!D48 -> 0 | E48: ='Table A (Boulder)'!E47+'Table A (UCCS) '!E48+'Table A (Denver) '!F48+'Table A (Anschutz) '!E48 -> 3.3893996e+08 | F48: ='Table A (Boulder)'!F47+'Table A (UCCS) '!F48+'Table A (Denver) '!G48+'Table A (Anschutz) '!F48 -> 14610204 | G48: =SUM(D48:F48) -> 3.5355016e+08
A49: Health Services | B49: ='Table A (Boulder)'!B48+'Table A (UCCS) '!B49+'Table A (Denver) '!C49+'Table A (Anschutz) '!B49 -> 1773084646 | C49: ='Table A (Boulder)'!C48+'Table A (UCCS) '!C49+'Table A (Denver) '!D49+'Table A (Anschutz) '!C49 -> 1.7507961e+09 | D49: ='Table A (Boulder)'!D48+'Table A (UCCS) '!D49+'Table A (Denver) '!E49+'Table A (Anschutz) '!D49 -> 2405579.2 | E49: ='Table A (Boulder)'!E48+'Table A (UCCS) '!E49+'Table A (Denver) '!F49+'Table A (Anschutz) '!E49 -> 1.875696e+09 | F49: ='Table A (Boulder)'!F48+'Table A (UCCS) '!F49+'Table A (Denver) '!G49+'Table A (Anschutz) '!F49 -> 629490.51 | G49: =SUM(D49:F49) -> 1.8787311e+09
A50: Other | B50: ='Table A (Boulder)'!B49+'Table A (UCCS) '!B50+'Table A (Denver) '!C50+'Table A (Anschutz) '!B50 -> 43104068 | C50: ='Table A (Boulder)'!C49+'Table A (UCCS) '!C50+'Table A (Denver) '!D50+'Table A (Anschutz) '!C50 -> 42383886 | D50: ='Table A (Boulder)'!D49+'Table A (UCCS) '!D50+'Table A (Denver) '!E50+'Table A (Anschutz) '!D50 -> 0 | E50: ='Table A (Boulder)'!E49+'Table A (UCCS) '!E50+'Table A (Denver) '!F50+'Table A (Anschutz) '!E50 -> 44125393 | F50: ='Table A (Boulder)'!F49+'Table A (UCCS) '!F50+'Table A (Denver) '!G50+'Table A (Anschutz) '!F50 -> 0 | G50: =SUM(D50:F50) -> 44125393
A51: TOTAL EXPENDITURES | B51: =SUM(B40:B50) -> 6.4715251e+09 | C51: =SUM(C40:C50) -> 6.4669775e+09 | D51: =SUM(D40:D50) -> 2.1155362e+09 | E51: =SUM(E40:E50) -> 2.9237313e+09 | F51: =SUM(F40:F50) -> 1.6073208e+09 | G51: =SUM(G40:G50) -> 6.6465882e+09
A52: Transfers Between Funds
A53: Mandatory Transfers
A54: Principal and Interest | B54: ='Table A (Boulder)'!B54+'Table A (UCCS) '!B54+'Table A (Denver) '!C54+'Table A (Anschutz) '!B54 -> 137046378 | C54: ='Table A (Boulder)'!C54+'Table A (UCCS) '!C54+'Table A (Denver) '!D54+'Table A (Anschutz) '!C54 -> 1.3485451e+08 | D54: ='Table A (Boulder)'!D54+'Table A (UCCS) '!D54+'Table A (Denver) '!E54+'Table A (Anschutz) '!D54 -> 35638367 | E54: ='Table A (Boulder)'!E54+'Table A (UCCS) '!E54+'Table A (Denver) '!F54+'Table A (Anschutz) '!E54 -> 115287583 | F54: ='Table A (Boulder)'!F54+'Table A (UCCS) '!F54+'Table A (Denver) '!G54+'Table A (Anschutz) '!F54 -> 0 | G54: =SUM(D54:F54) -> 150925950
A55: Renewals & Replacements | B55: ='Table A (Boulder)'!B55+'Table A (UCCS) '!B55+'Table A (Denver) '!C55+'Table A (Anschutz) '!B55 -> 0 | C55: ='Table A (Boulder)'!C55+'Table A (UCCS) '!C55+'Table A (Denver) '!D55+'Table A (Anschutz) '!C55 -> 0 | D55: ='Table A (Boulder)'!D55+'Table A (UCCS) '!D55+'Table A (Denver) '!E55+'Table A (Anschutz) '!D55 -> 0 | E55: ='Table A (Boulder)'!E55+'Table A (UCCS) '!E55+'Table A (Denver) '!F55+'Table A (Anschutz) '!E55 -> 0 | F55: ='Table A (Boulder)'!F55+'Table A (UCCS) '!F55+'Table A (Denver) '!G55+'Table A (Anschutz) '!F55 -> 0 | G55: =SUM(D55:F55) -> 0
A56: Matching Funds/Other | B56: ='Table A (Boulder)'!B56+'Table A (UCCS) '!B56+'Table A (Denver) '!C56+'Table A (Anschutz) '!B56 -> 0 | C56: ='Table A (Boulder)'!C56+'Table A (UCCS) '!C56+'Table A (Denver) '!D56+'Table A (Anschutz) '!C56 -> 0 | D56: ='Table A (Boulder)'!D56+'Table A (UCCS) '!D56+'Table A (Denver) '!E56+'Table A (Anschutz) '!D56 -> 0 | E56: ='Table A (Boulder)'!E56+'Table A (UCCS) '!E56+'Table A (Denver) '!F56+'Table A (Anschutz) '!E56 -> 0 | F56: ='Table A (Boulder)'!F56+'Table A (UCCS) '!F56+'Table A (Denver) '!G56+'Table A (Anschutz) '!F56 -> 0 | G56: =SUM(D56:F56) -> 0
A57: Subtotal - Mandatory Transfers | B57: =SUM(B53:B56) -> 137046378 | C57: =SUM(C53:C56) -> 1.3485451e+08 | D57: =SUM(D53:D56) -> 35638367 | E57: =SUM(E53:E56) -> 115287583 | F57: =SUM(F53:F56) -> 0 | G57: =SUM(G53:G56) -> 150925950
A58: Voluntary Transfers & Other
A59: Restricted receipts to be expended in future years | B59: ='Table A (Boulder)'!B60+'Table A (UCCS) '!B59+'Table A (Denver) '!C59+'Table A (Anschutz) '!B59 -> 6946477 | C59: ='Table A (Boulder)'!C60+'Table A (UCCS) '!C59+'Table A (Denver) '!D59+'Table A (Anschutz) '!C59 -> 8622082 | D59: ='Table A (Boulder)'!D60+'Table A (UCCS) '!D59+'Table A (Denver) '!E59+'Table A (Anschutz) '!D59 -> 0 | E59: ='Table A (Boulder)'!E60+'Table A (UCCS) '!E59+'Table A (Denver) '!F59+'Table A (Anschutz) '!E59 -> 0 | F59: ='Table A (Boulder)'!F60+'Table A (UCCS) '!F59+'Table A (Denver) '!G59+'Table A (Anschutz) '!F59 -> 8718705 | G59: =SUM(D59:F59) -> 8718705
A60: Other | B60: ='Table A (Boulder)'!B61+'Table A (UCCS) '!B60+'Table A (Denver) '!C60+'Table A (Anschutz) '!B60 -> 86727802 | C60: ='Table A (Boulder)'!C61+'Table A (UCCS) '!C60+'Table A (Denver) '!D60+'Table A (Anschutz) '!C60 -> 79183846 | D60: ='Table A (Boulder)'!D61+'Table A (UCCS) '!D60+'Table A (Denver) '!E60+'Table A (Anschutz) '!D60 -> 34736735 | E60: ='Table A (Boulder)'!E61+'Table A (UCCS) '!E60+'Table A (Denver) '!F60+'Table A (Anschutz) '!E60 -> 18216275 | F60: ='Table A (Boulder)'!F61+'Table A (UCCS) '!F60+'Table A (Denver) '!G60+'Table A (Anschutz) '!F60 -> -15327558 | G60: =SUM(D60:F60) -> 37625452
A61: Subtotal - Voluntary Transfers | B61: =B59+B60 -> 93674279 | C61: =C59+C60 -> 87805928 | D61: =D59+D60 -> 34736735 | E61: =E59+E60 -> 18216275 | F61: =F59+F60 -> -6608853 | G61: =SUM(G59:G60) -> 46344157
A62: TOTAL EXPENDITURES & TRANSFERS | B62: =B51+B57+B61 -> 6.7022457e+09 | C62: =C51+C57+C61 -> 6.689638e+09 | D62: =D51+D57+D61 -> 2.1859113e+09 | E62: =E51+E57+E61 -> 3.0572351e+09 | F62: =F51+F57+F61 -> 1.6007119e+09 | G62: =G51+G57+G61 -> 6.8438583e+09
A63: Over/(Under) | B63: =B36-B62 -> -0.44096756 | C63: =C36-C62 -> -9696231 | D63: =D36-D62 -> -0.24855518 | E63: =E36-E62 -> 0.33714771 | F63: =F36-F62 -> -0.4294939 | G63: =G36-G62 -> -0.34090137
A65: <1> Of this FY 2026-27 Tobacco Funding amount, $1,467,372 is for tobacco-related in-state Cancer Research at CU Anschutz
A66: <2> Of this FY 2026-27 Marijuana Tax Cash Fund amount: $1,250,000 is for the expansion of the Medication-Assisted Treatment Pilot Program (SB21-137) $2,000,000 is for the School of Public Health for the Regulation of Marijuana for Safe Consumption (HB 21-1317)
A67: <3> Of this FY 2026-27 Fee for Service Contract amount: $500,000 is for the Alzheimer's Disease Treatment and Research Center (SB14-211, COF FFS 23-18-304) $550,000 is for the Rural Health Program (SB22-172) $125,000 is for the Perinatal Data Linkage $974,848 is for the Access to Healthcare for Older Coloradoans (SB 23-031, COF FFS 23-18-308)
A68: <4> Of this FY 2026-27 Fee for Service Contract amount, $113,880,907 is for Specialty Education Programs identified for CU Anschutz (COF FFS 23-18-303.5). See FY 2026-27 Long Bill - HB26-1410, Footnote 24, for more detail on the Colorado Department of Higher Education transfers to the Colorado Department of Health Care Policy and Financing.

Sheet Table A (Boulder)
A1: Table A: FY 2026-27 Current Funds Budget
A2: University of Colorado
A3: Boulder Campus
A5: Description | B5: FY 2025-26 | D5: FY 2026-27
B6: Original Total Current Funds | C6: June Estimate Total Current Funds | D6: Education & General Fund | E6: Auxiliary & Self-Funded Activities | F6: Restricted Fund | G6: Total Current Funds Budget
A7: Revenues
A8: Student Tuition and Fees
A9: Resident Tuition
A10: Resident Tuition - COF | B10: 53259194 | C10: 53259194 | D10: 56146936 | E10: 0 | F10: 0 | G10: =SUM(D10:F10) -> 56146936
A11: UG Resident Tuition - Student Share | B11: 285621583 | C11: 290681929 | D11: 303854703 | E11: 0 | F11: 0 | G11: =SUM(D11:F11) -> 303854703
A12: Graduate Tuition | B12: 61384610 | C12: 65030058 | D12: 68401012 | E12: 0 | F12: 0 | G12: =SUM(D12:F12) -> 68401012
A13: Non-Resident Tuition
A14: Undergraduate Tuition | B14: 599666006 | C14: 574295614 | D14: 617260341 | E14: 0 | F14: 0 | G14: =SUM(D14:F14) -> 617260341
A15: Graduate Tuition | B15: 66772044 | C15: 73684871 | D15: 75750492 | E15: 0 | F15: 0 | G15: =SUM(D15:F15) -> 75750492
A16: Other Tuition - Continuing Education | B16: 65496131 | C16: 68321498 | D16: 0 | E16: 69961214 | F16: 0 | G16: =SUM(D16:F16) -> 69961214
A17: Student Fees | B17: 48032162 | C17: 53142642 | D17: 4096456 | E17: 43070518 | F17: 0 | G17: =SUM(D17:F17) -> 47166974
A19: Subtotal - Student Tuition and Fees | B19: =SUM(B10:B17) -> 1.1802317e+09 | C19: =SUM(C10:C17) -> 1178415806 | D19: =SUM(D10:D17) -> 1125509940 | E19: =SUM(E10:E17) -> 113031732 | F19: =SUM(F10:F17) -> 0 | G19: =SUM(G10:G17) -> 1238541672
A20: Investment and Interest Income | B20: 2500 | C20: 0 | D20: 0 | E20: 0 | F20: 0 | G20: =SUM(D20:F20) -> 0
A21: Grants and Contracts
A22: Federal Grants & Contracts | B22: 4.5914902e+08 | C22: 393705798 | D22: 0 | E22: 0 | F22: 3.5827228e+08 | G22: =SUM(D22:F22) -> 3.5827228e+08
A23: State and Local Grants & Contracts | B23: 7686610.9 | C23: 5048040 | D23: 0 | E23: 0 | F23: 4593716.4 | G23: =SUM(D23:F23) -> 4593716.4
A24: Tobacco Funding | B24: 0 | C24: 0 | D24: 0 | E24: 0 | F24: 0 | G24: =SUM(D24:F24) -> 0
A25: Fee for Service Contract | B25: 72485018 | C25: 72485018 | D25: 70470336 | E25: 0 | F25: 0 | G25: =SUM(D25:F25) -> 70470336
A26: Subtotal - Grants & Contracts | B26: =SUM(B20:B25) -> 5.3932315e+08 | C26: =SUM(C20:C25) -> 471238856 | D26: =SUM(D20:D25) -> 70470336 | E26: =SUM(E20:E25) -> 0 | F26: =SUM(F20:F25) -> 3.6286599e+08 | G26: =SUM(G20:G25) -> 4.3333633e+08
A27: Private/other gifts, grants and contracts | B27: 3.0150954e+08 | C27: 296645348 | D27: 0 | E27: 0 | F27: 2.996118e+08 | G27: =SUM(D27:F27) -> 2.996118e+08
A28: Sales & Services of educational departments | B28: 39657851 | C28: 42642743 | D28: 0 | E28: 43666169 | F28: 0 | G28: =SUM(D28:F28) -> 43666169
A29: Auxiliary Operating Revenues | B29: 339859780 | C29: 340080875 | D29: 0 | E29: 348173189 | F29: 0 | G29: =SUM(D29:F29) -> 348173189
A30: Health Services | B30: 0 | C30: 0 | D30: 0 | E30: 0 | F30: 0 | G30: =SUM(D30:F30) -> 0
A31: Other Revenues:
A32: Indirect Cost Reimbursement | B32: 1.6027345e+08 | C32: 144237596 | D32: 93606807 | E32: 37649275 | F32: 0 | G32: =SUM(D32:F32) -> 131256082
A33: Denver AHEC Library Funding | B33: 0 | C33: 0
A34: Other Sources | B34: 48383769 | C34: 41324588 | D34: 8391805 | E34: 34030370 | F34: 0 | G34: =SUM(D34:F34) -> 42422175
A35: TOTAL REVENUES | B35: =SUM(B27:B34)+B19+B26 -> 2.6092393e+09 | C35: =SUM(C27:C34)+C19+C26 -> 2514585812 | D35: =D19+D26+SUM(D27:D34) -> 1297978888 | E35: =E19+E26+SUM(E27:E34) -> 576550735 | F35: =F19+F26+SUM(F27:F34) -> 6.6247779e+08 | G35: =G19+G26+SUM(G27:G34) -> 2.5370074e+09
A37: Expenditures
A38: Educational & General:
A39: Instruction | B39: 765288978 | C39: 7.7049506e+08 | D39: 6.6712391e+08 | E39: 75033369 | F39: 53951161 | G39: =SUM(D39:F39) -> 7.9610844e+08
A40: Research | B40: 588180742 | C40: 5.294455e+08 | D40: 7148546.3 | E40: 734755.84 | F40: 4.8701407e+08 | G40: =SUM(D40:F40) -> 4.9489738e+08
A41: Public Service | B41: 18033499 | C41: 15679244 | D41: 517947.02 | E41: 9132807.2 | F41: 6305862.3 | G41: =SUM(D41:F41) -> 15956616
A42: Academic Support | B42: 200223477 | C42: 1.9102103e+08 | D42: 1.5515734e+08 | E42: 37516076 | F42: 4106688.3 | G42: =SUM(D42:F42) -> 1.967801e+08
A43: Student Services | B43: 1.410656e+08 | C43: 1.3154792e+08 | D43: 74574665 | E43: 59873101 | F43: 1923468.2 | G43: =SUM(D43:F43) -> 1.3637123e+08
A44: Institutional Support | B44: 1.4991655e+08 | C44: 1.4757206e+08 | D44: 1.3330838e+08 | E44: 9955490.8 | F44: 6810765.3 | G44: =SUM(D44:F44) -> 1.5007464e+08
A45: Operations of Plant | B45: 1.2638703e+08 | C45: 1.2828454e+08 | D45: 1.2940127e+08 | E45: 0 | F45: 2306429.9 | G45: =SUM(D45:F45) -> 1.317077e+08
A46: Scholarships & Fellowships | B46: 209973758 | C46: 2.0654778e+08 | D46: 1.1373572e+08 | E46: 15456910 | F46: 85449140 | G46: =SUM(D46:F46) -> 2.1464177e+08
A47: Auxiliary operating expenditures | B47: 2.8181997e+08 | C47: 277489927 | D47: 0 | E47: 2.6933696e+08 | F47: 14610204 | G47: =SUM(D47:F47) -> 2.8394717e+08
A48: Health Services | B48: 0 | C48: 0 | D48: 0 | E48: 0 | F48: 0 | G48: =SUM(D48:F48) -> 0
A49: Other | B49: 0 | C49: 0 | D49: 0 | E49: 0 | F49: 0 | G49: =SUM(D49:F49) -> 0
A50: TOTAL EXPENDITURES | B50: =SUM(B39:B49) -> 2.4808896e+09 | C50: =SUM(C39:C49) -> 2.3980831e+09 | D50: =SUM(D39:D49) -> 1.2809678e+09 | E50: =SUM(E39:E49) -> 4.7703947e+08 | F50: =SUM(F39:F49) -> 6.6247779e+08 | G50: =SUM(G39:G49) -> 2.420485e+09
A52: Transfers Between Funds
A53: Mandatory Transfers
A54: Principal and interest | B54: 67700880 | C54: 67781471 | D54: 17011112 | E54: 58948279 | F54: 0 | G54: =SUM(D54:F54) -> 75959391
A55: Renewals & replacements | B55: 0 | C55: 0 | D55: 0 | E55: 0 | F55: 0 | G55: =SUM(D55:F55) -> 0
A56: Matching funds/Other | B56: 0 | C56: 0 | D56: 0 | E56: 0 | F56: 0 | G56: =SUM(D56:F56) -> 0
A57: Subtotal -- Mandatory Transfers | B57: =SUM(B54:B56) -> 67700880 | C57: =SUM(C54:C56) -> 67781471 | D57: =SUM(D54:D56) -> 17011112 | E57: =SUM(E54:E56) -> 58948279 | F57: =SUM(F54:F56) -> 0 | G57: =SUM(G54:G56) -> 75959391
A59: Voluntary Transfers & Other
A60: Restricted receipts to be expended in future years | B60: 0 | C60: 0 | D60: 0 | E60: 0 | F60: 0 | G60: =SUM(D60:F60) -> 0
A61: Other | B61: 60648801 | C61: 58417519 | D61: 0 | E61: 40562983 | F61: 0 | G61: =SUM(D61:F61) -> 40562983
A62: Subtotal Voluntary Transfers | B62: =SUM(B60:B61) -> 60648801 | C62: =SUM(C60:C61) -> 58417519 | D62: =SUM(D60:D61) -> 0 | E62: =SUM(E60:E61) -> 40562983 | F62: =SUM(F60:F61) -> 0 | G62: =SUM(G60:G61) -> 40562983
A63: TOTAL EXPENDITURES & TRANSFERS | B63: =B50+B57+B62 -> 2.6092393e+09 | C63: =C50+C57+C62 -> 2.524282e+09 | D63: =D50+D57+D62 -> 1.2979789e+09 | E63: =E50+E57+E62 -> 5.7655073e+08 | F63: =F50+F57+F62 -> 6.6247779e+08 | G63: =G50+G57+G62 -> 2.5370074e+09
A64: Over/(Under) | B64: =B35-B63 -> 0.28254414 | C64: =C35-C63 -> -9696230.1 | D64: =D35-D63 -> -0.13406801 | E64: =E35-E63 -> 0.15999997 | F64: =F35-F63 -> 0 | G64: =G35-G63 -> 0.025931835

Sheet Table A (UCCS)  
A1: Table A: FY 2026-27 Current Funds Budget
A2: University of Colorado
A3: Colorado Springs Campus
A5: Description | B5: FY 2025-26 | D5: FY 2026-27
B6: Revised Total Current Funds | C6: June Estimate Total Current Funds | D6: Education & General Fund | E6: Auxiliary & Self-Funded Activities | F6: Restricted Fund | G6: Total Current Funds Budget
A7: Revenues
A8: Student Tuition and Fees
A9: Resident Tuition
A10: Resident Tuition - COF | B10: 21227351 | C10: 21227351 | D10: 21718972 | E10: 0 | F10: 0 | G10: =SUM(D10:F10) -> 21718972
A11: UndergraduateTuition - Student Share | B11: 77956172 | C11: 79151136 | D11: 83455522 | E11: 0 | F11: 0 | G11: =SUM(D11:F11) -> 83455522
A12: Graduate | B12: 18878891 | C12: 20383733 | D12: 20587570 | E12: 0 | F12: 0 | G12: =SUM(D12:F12) -> 20587570
A13: Non-Resident Tuition | F13: 0
A14: Undergraduate | B14: 27135883 | C14: 24073269 | D14: 23832536 | E14: 0 | F14: 0 | G14: =SUM(D14:F14) -> 23832536
A15: Graduate | B15: 5777911.2 | C15: 4642387.7 | D15: 4595963.8 | E15: 0 | F15: 0 | G15: =SUM(D15:F15) -> 4595963.8
A16: Other tuition - Continuing Education | B16: 2758100 | C16: 2308524 | D16: 0 | E16: 1722870 | F16: 0 | G16: =SUM(D16:F16) -> 1722870
A17: Student fees | B17: 27198648 | C17: 29213169 | D17: 7890430.3 | E17: 18024072 | F17: 0 | G17: =SUM(D17:F17) -> 25914502
A18: Accountable Student fees | B18: 0 | C18: 0 | D18: 0 | E18: 0 | F18: 0 | G18: =SUM(D18:F18) -> 0
A19: Subtotal - Student Tuition and Fees | B19: =SUM(B10:B18) -> 1.8093296e+08 | C19: =SUM(C10:C18) -> 1.8099957e+08 | D19: =SUM(D10:D18) -> 1.6208099e+08 | E19: =SUM(E10:E18) -> 19746942 | F19: =SUM(F10:F18) -> 0 | G19: =SUM(G10:G18) -> 1.8182794e+08
A20: Investment and Interest Income | B20: 0 | C20: 0 | D20: 0 | E20: 0 | F20: 0 | G20: =SUM(D20:F20) -> 0
A21: Grants and Contracts
A22: Federal Grants & Contracts | B22: 23543888 | C22: 25937424 | D22: 0 | E22: 0 | F22: 26409271 | G22: =SUM(D22:F22) -> 26409271
A23: State and Local Grants & Contracts | B23: 15626799 | C23: 15960892 | D23: 0 | E23: 0 | F23: 16061119 | G23: =SUM(D23:F23) -> 16061119
A24: Tobacco Funding | B24: 0 | C24: 0 | D24: 0 | E24: 0 | F24: 0 | G24: =SUM(D24:F24) -> 0
A25: Marijuana Tax Cash Fund | B25: 0 | C25: 0 | D25: 0 | E25: 0 | F25: 0 | G25: =SUM(D25:F25) -> 0
A26: Fee for Service Contract | B26: 29055330 | C26: 29055330 | D26: 28175023 | E26: 0 | F26: 0 | G26: =SUM(D26:F26) -> 28175023
A27: Subtotal - Grants & Contracts | B27: =SUM(B20:B26) -> 68226017 | C27: =SUM(C20:C26) -> 70953646 | D27: =SUM(D20:D26) -> 28175023 | E27: =SUM(E20:E26) -> 0 | F27: =SUM(F20:F26) -> 42470390 | G27: =SUM(G20:G26) -> 70645413
A28: Private/other gifts, grants and contracts | B28: 18206781 | C28: 23647819 | D28: 0 | E28: 0 | F28: 23981752 | G28: =SUM(D28:F28) -> 23981752
A29: Sales & Services of educational departments | B29: 513736 | C29: 753073 | D29: 0 | E29: 673629 | F29: 0 | G29: =SUM(D29:F29) -> 673629
A30: Auxiliary Operating Revenues | B30: 40432594 | C30: 37772911 | D30: 0 | E30: 36223183 | F30: 0 | G30: =SUM(D30:F30) -> 36223183
A31: Health Services | B31: 3029592 | C31: 3280831 | D31: 0 | E31: 3326107 | F31: 0 | G31: =SUM(D31:F31) -> 3326107
A32: Other Revenues: | B32: 0 | C32: 0 | D32: 0 | E32: 0 | F32: 0 | G32: =SUM(D32:F32) -> 0
A33: Indirect Cost Reimbursement | B33: 1934095 | C33: 1934095 | D33: 1934095 | E33: 0 | F33: 0 | G33: =SUM(D33:F33) -> 1934095
A34: Denver AHEC Library Funding | B34: 0 | C34: 0 | D34: 0 | E34: 0 | F34: 0 | G34: =SUM(D34:F34) -> 0
A35: Other Sources | B35: 51680688 | C35: 52486156 | D35: 4963672 | E35: 46360603 | F35: 0 | G35: =SUM(D35:F35) -> 51324275
A36: TOTAL REVENUES | B36: =SUM(B27:B35,B19) -> 3.6495646e+08 | C36: =SUM(C27:C35,C19) -> 3.718281e+08 | D36: =SUM(D27:D35,D19) -> 1.9715378e+08 | E36: =SUM(E27:E35,E19) -> 106330464 | F36: =SUM(F27:F35,F19) -> 66452142 | G36: =SUM(G27:G35,G19) -> 3.6993639e+08
A38: Expenditures
A39: Educational & General:
A40: Instruction | B40: 89570238 | C40: 85376632 | D40: 85240637 | E40: 2630902 | F40: 1083714 | G40: =SUM(D40:F40) -> 88955253
A41: Research | B41: 6369109 | C41: 9299714.7 | D41: 614279 | E41: 24652 | F41: 7208052 | G41: =SUM(D41:F41) -> 7846983
A42: Public Service | B42: 2052982 | C42: 2441113.4 | D42: 69518 | E42: 1037183 | F42: 1573980 | G42: =SUM(D42:F42) -> 2680681
A43: Academic Support | B43: 25980366 | C43: 27944545 | D43: 24493672 | E43: 1116762 | F43: 265096 | G43: =SUM(D43:F43) -> 25875530
A44: Student Services | B44: 23429507 | C44: 25617072 | D44: 18378100 | E44: 6623055 | F44: 600159 | G44: =SUM(D44:F44) -> 25601314
A45: Institutional Support | B45: 35422995 | C45: 39207606 | D45: 30140609 | E45: 504794 | F45: 15424609 | G45: =SUM(D45:F45) -> 46070012
A46: Operations of Plant | B46: 17659329 | C46: 16840492 | D46: 14928826 | E46: 1431200 | F46: 0 | G46: =SUM(D46:F46) -> 16360026
A47: Scholarships & Fellowships | B47: 52983552 | C47: 49539929 | D47: 19620504 | E47: 87761 | F47: 31487931 | G47: =SUM(D47:F47) -> 51196196
A48: Auxiliary operating expenditures | B48: 41361791 | C48: 35923202 | D48: 0 | E48: 38326283 | F48: 0 | G48: =SUM(D48:F48) -> 38326283
A49: Health Services | B49: 357804 | C49: 3039541.8 | D49: 283927 | E49: 3119345 | F49: 89896 | G49: =SUM(D49:F49) -> 3493168
A50: Other | B50: 43104068 | C50: 42314691 | D50: 0 | E50: 44125393 | F50: 0 | G50: =SUM(D50:F50) -> 44125393
A51: TOTAL EXPENDITURES | B51: =SUM(B40:B50) -> 338291741 | C51: =SUM(C40:C50) -> 3.3754454e+08 | D51: =SUM(D40:D50) -> 1.9377007e+08 | E51: =SUM(E40:E50) -> 99027330 | F51: =SUM(F40:F50) -> 57733437 | G51: =SUM(G40:G50) -> 3.5053084e+08
A52: Transfers Between Funds
A53: Mandatory Transfers
A54: Principal and interest | B54: 17831705 | C54: 17831705 | D54: 7210994 | E54: 12782963 | F54: 0 | G54: =SUM(D54:F54) -> 19993957
A55: Renewals & replacements | B55: 0 | C55: 0 | D55: 0 | E55: 0 | F55: 0 | G55: =SUM(D55:F55) -> 0
A56: Matching funds/Other | B56: 0 | C56: 0 | D56: 0 | E56: 0 | F56: 0 | G56: =SUM(D56:F56) -> 0
A57: Subtotal -- Mandatory Transfers | B57: =SUM(B54:B56) -> 17831705 | C57: =SUM(C54:C56) -> 17831705 | D57: =SUM(D54:D56) -> 7210994 | E57: =SUM(E54:E56) -> 12782963 | F57: =SUM(F54:F56) -> 0 | G57: =SUM(G54:G56) -> 19993957
A58: Voluntary Transfers & Other
A59: Restricted receipts to be expended in future years | B59: 6946477 | C59: 8622082 | D59: 0 | E59: 0 | F59: 8718705 | G59: =SUM(D59:F59) -> 8718705
A60: Other | B60: 1886536.9 | C60: 7829775.9 | D60: -3827282 | E60: -5479829 | F60: 0 | G60: =SUM(D60:F60) -> -9307111
A61: Subtotal Voluntary Transfers | B61: =SUM(B59:B60) -> 8833013.9 | C61: =SUM(C59:C60) -> 16451858 | D61: =SUM(D59:D60) -> -3827282 | E61: =SUM(E59:E60) -> -5479829 | F61: =SUM(F59:F60) -> 8718705 | G61: =SUM(G59:G60) -> -588406
A62: TOTAL EXPENDITURES & TRANSFERS | B62: =B51+B57+B61 -> 3.6495646e+08 | C62: =C51+C57+C61 -> 3.718281e+08 | D62: =D51+D57+D61 -> 1.9715378e+08 | E62: =E51+E57+E61 -> 106330464 | F62: =F51+F57+F61 -> 66452142 | G62: =G51+G57+G61 -> 3.6993639e+08
A63: Over/(Under) | B63: =B36-B62 -> -0.35749763 | C63: =C36-C62 -> -0.79820418 | D63: =D36-D62 -> -0.11448658 | E63: =E36-E62 -> 0 | F63: =F36-F62 -> 0 | G63: =G36-G62 -> -0.11448658

Sheet Table A (Denver)  
A1: Table A: FY 2026-27 Current Funds Budget
A2: University of Colorado
A3: Denver Campus
A5: Description | B5: FY 2025-26 | E5: FY 2026-27
B6: Original Total Current Funds | C6: Revised Total Current Funds | D6: June Estimate Total Current Funds | E6: Education & General Fund | F6: Auxiliary & Self-Funded Activities | G6: Restricted Fund | H6: Total Current Funds Budget
A7: Revenues
A8: Student Tuition and Fees
A9: Resident Tuition
A10: Resident Tuition - COF | B10: 22268565 | C10: 22268565 | D10: 22268565 | E10: 21894935 | F10: 0 | G10: 0 | H10: =SUM(E10:G10) -> 21894935
A11: UndergraduateTuition - Student Share | B11: 88321221 | C11: 94117508 | D11: 94117508 | E11: 99458377 | F11: 0 | G11: 0 | H11: =SUM(E11:G11) -> 99458377
A12: Graduate | B12: 27900743 | C12: 29098792 | D12: 29137657 | E12: 30106867 | F12: 0 | G12: 0 | H12: =SUM(E12:G12) -> 30106867
A13: Non-Resident Tuition
A14: Undergraduate | B14: 35194555 | C14: 36301432 | D14: 36301432 | E14: 35127742 | F14: 0 | G14: 0 | H14: =SUM(E14:G14) -> 35127742
A15: Graduate | B15: 14807303 | C15: 12109223 | D15: 12110533 | E15: 10930794 | F15: 0 | G15: 0 | H15: =SUM(E15:G15) -> 10930794
A16: Other tuition - Continuing Education | B16: 22312959 | C16: 22312959 | D16: 23372648 | E16: 0 | F16: 22741741 | G16: 0 | H16: =SUM(E16:G16) -> 22741741
A17: Student fees | B17: 24380095 | C17: 24380095 | D17: 24909921 | E17: 10082800 | F17: 15535840 | G17: 0 | H17: =SUM(E17:G17) -> 25618640
A18: Accountable Student fees | B18: 0 | C18: 0 | D18: 0 | E18: 0 | F18: 0 | G18: 0 | H18: =SUM(E18:G18) -> 0
A19: Subtotal - Student Tuition and Fees | B19: =SUM(B10:B18) -> 235185441 | C19: =SUM(C10:C18) -> 240588574 | D19: =SUM(D10:D18) -> 2.4221826e+08 | E19: =SUM(E10:E18) -> 207601515 | F19: =SUM(F10:F18) -> 38277581 | G19: =SUM(G10:G18) -> 0 | H19: =SUM(H10:H12,H14:H18) -> 245879096
A20: Investment and Interest Income | B20: 0 | C20: 0 | D20: 0 | E20: 0 | F20: 0 | G20: 0 | H20: =SUM(E20:G20) -> 0
A21: Grants and Contracts
A22: Federal Grants & Contracts | B22: 38374195 | C22: 38374195 | D22: 41303433 | E22: 0 | F22: 0 | G22: 41303433 | H22: =SUM(E22:G22) -> 41303433
A23: State and Local Grants & Contracts | B23: 21883218 | C23: 21883218 | D23: 23898511 | E23: 0 | F23: 0 | G23: 23898511 | H23: =SUM(E23:G23) -> 23898511
A24: Tobacco Funding | B24: 0 | C24: 0 | D24: 0 | E24: 0 | F24: 0 | G24: 0 | H24: =SUM(E24:G24) -> 0
A25: Marijuana Tax Cash Fund | B25: 0 | C25: 0 | D25: 0 | E25: 0 | F25: 0 | G25: 0 | H25: =SUM(E25:G25) -> 0
A26: Fee for Service Contract | B26: 30021899 | C26: 29549863 | D26: 29549863 | E26: 30370243 | F26: 0 | G26: 0 | H26: =SUM(E26:G26) -> 30370243
A27: Subtotal - Grants & Contracts | B27: =SUM(B20:B26) -> 90279312 | C27: =SUM(C20:C26) -> 89807276 | D27: =SUM(D20:D26) -> 94751807 | E27: =SUM(E20:E26) -> 30370243 | F27: =SUM(F20:F26) -> 0 | G27: =SUM(G20:G26) -> 65201944 | H27: =SUM(H20:H26) -> 95572187
A28: Private/other gifts, grants and contracts | B28: 20499399 | C28: 20499399 | D28: 22893415 | E28: 0 | F28: 0 | G28: 21835045 | H28: =SUM(E28:G28) -> 21835045
A29: Sales & Services of educational departments | B29: 11800892 | C29: 11800892 | D29: 11394030 | E29: 0 | F29: 11394030 | G29: 0 | H29: =SUM(E29:G29) -> 11394030
A30: Auxiliary Operating Revenues | B30: 17321107 | C30: 17321107 | D30: 18803512 | E30: 0 | F30: 18571740 | G30: 0 | H30: =SUM(E30:G30) -> 18571740
A31: Health Services | B31: 0 | C31: 0 | D31: 0 | E31: 0 | F31: 0 | G31: 0 | H31: =SUM(E31:G31) -> 0
A32: Other Revenues:
A33: Indirect Cost Reimbursement | B33: 3763995 | C33: 3763995 | D33: 4057103 | E33: 3763995 | F33: 0 | G33: 0 | H33: =SUM(E33:G33) -> 3763995
A34: Denver AHEC Library Funding | B34: 5602892 | C34: 5602892 | D34: 5602892 | E34: 5825663 | F34: 0 | G34: 0 | H34: =SUM(E34:G34) -> 5825663
A35: Other Sources | B35: 4235785 | C35: 4235785 | D35: 4123003.3 | E35: 1551772 | F35: 2540403 | G35: 32449 | H35: =SUM(E35:G35) -> 4124624
A36: TOTAL REVENUES | B36: =SUM(B28:B35)+B27+B19 -> 3.8868882e+08 | C36: =SUM(C28:C35)+C27+C19 -> 3.9361992e+08 | D36: =SUM(D28:D35)+D27+D19 -> 4.0384403e+08 | E36: =SUM(E28:E35)+E27+E19 -> 249113188 | F36: =SUM(F28:F35)+F27+F19 -> 70783754 | G36: =SUM(G28:G35)+G27+G19 -> 87069438 | H36: =SUM(H28:H35)+H27+H19 -> 406966380
A38: Expenditures
A39: Educational & General:
A40: Instruction | B40: 152530139 | C40: 152530139 | D40: 164738279 | E40: 120135028 | F40: 27002344 | G40: 6831159 | H40: =SUM(E40:G40) -> 153968531
A41: Research | B41: 14614594 | C41: 14614594 | D41: 15171420 | E41: 46978 | F41: 0 | G41: 15639513 | H41: =SUM(E41:G41) -> 15686491
A42: Public Service | B42: 10708207 | C42: 10708207 | D42: 7917960.5 | E42: 18343 | F42: 4372434 | G42: 3648475 | H42: =SUM(E42:G42) -> 8039252
A43: Academic Support | B43: 44374496 | C43: 44374496 | D43: 38200738 | E43: 45340731 | F43: 385302 | G43: 207590 | H43: =SUM(E43:G43) -> 45933623
A44: Student Services | B44: 22015289 | C44: 22015289 | D44: 24469900 | E44: 14833549 | F44: 9078459 | G44: 245532 | H44: =SUM(E44:G44) -> 24157540
A45: Institutional Support | B45: 41316594 | C45: 41316594 | D45: 42802171 | E45: 37635631 | F45: 403796 | G45: 7084520 | H45: =SUM(E45:G45) -> 45123947
A46: Operations of Plant | B46: 10376497 | C46: 10376497 | D46: 9472568.5 | E46: 8922878 | F46: 1901484 | G46: 21435 | H46: =SUM(E46:G46) -> 10845797
A47: Scholarships & Fellowships | B47: 65180646 | C47: 65180646 | D47: 76829456 | E47: 16609379 | F47: 818877 | G47: 56654896 | H47: =SUM(E47:G47) -> 74083152
A48: Auxiliary operating expenditures | B48: 15198417 | C48: 15198417 | D48: 16870932 | E48: 0 | F48: 16875914 | G48: 0 | H48: =SUM(E48:G48) -> 16875914
A49: Health Services | B49: 0 | C49: 0 | D49: 0 | E49: 0 | F49: 0 | G49: 0 | H49: =SUM(E49:G49) -> 0
A50: Other | B50: 0 | C50: 0 | D50: 0 | E50: 0 | F50: 0 | G50: 0 | H50: =SUM(E50:G50) -> 0
A51: TOTAL EXPENDITURES | B51: =SUM(B40:B50) -> 376314879 | C51: =SUM(C40:C50) -> 376314879 | D51: =SUM(D40:D50) -> 3.9647342e+08 | E51: =SUM(E40:E50) -> 243542517 | F51: =SUM(F40:F50) -> 60838610 | G51: =SUM(G40:G50) -> 90333120 | H51: =SUM(H40:H50) -> 394714247
A52: Transfers Between Funds
A53: Mandatory Transfers
A54: Principal and interest | B54: 15068998 | C54: 15068998 | D54: 15068998 | E54: 6904184 | F54: 7971864 | G54: 0 | H54: =SUM(E54:G54) -> 14876048
A55: Renewals & replacements | B55: 0 | C55: 0 | D55: 0 | E55: 0 | F55: 0 | G55: 0 | H55: =SUM(E55:G55) -> 0
A56: Matching funds/Other | B56: 0 | C56: 0 | D56: 0 | E56: 0 | F56: 0 | G56: 0 | H56: =SUM(E56:G56) -> 0
A57: Subtotal -- Mandatory Transfers | B57: =SUM(B54:B56) -> 15068998 | C57: =SUM(C54:C56) -> 15068998 | D57: =SUM(D54:D56) -> 15068998 | E57: =SUM(E54:E56) -> 6904184 | F57: =SUM(F54:F56) -> 7971864 | G57: =SUM(G54:G56) -> 0 | H57: =SUM(H54:H56) -> 14876048
A58: Voluntary Transfers & Other
A59: Restricted receipts to be expended in future years | B59: 0 | C59: 0 | D59: 0 | E59: 0 | F59: 0 | G59: 0 | H59: =SUM(E59:G59) -> 0
A60: Other | B60: -2695054 | C60: 2236043 | D60: -7698396.7 | E60: -1333513 | F60: 1973280 | G60: -3263682 | H60: =SUM(E60:G60) -> -2623915
A61: Subtotal Voluntary Transfers | B61: =B59+B60 -> -2695054 | C61: =C59+C60 -> 2236043 | D61: =D59+D60 -> -7698396.7 | E61: =E59+E60 -> -1333513 | F61: =F59+F60 -> 1973280 | G61: =G59+G60 -> -3263682 | H61: =SUM(H59:H60) -> -2623915
A62: TOTAL EXPENDITURES & TRANSFERS | B62: =B51+B57+B61 -> 388688823 | C62: =C51+C57+C61 -> 393619920 | D62: =D51+D57+D61 -> 4.0384403e+08 | E62: =E51+E57+E61 -> 249113188 | F62: =F51+F57+F61 -> 70783754 | G62: =G51+G57+G61 -> 87069438 | H62: =H51+H57+H61 -> 406966380
A63: Over/(Under) | B63: =B36-B62 -> -0.36601549 | C63: =C36-C62 -> -0.36601549 | D63: =D36-D62 -> 0 | E63: =E36-E62 -> 0 | F63: =F36-F62 -> 0 | G63: =G36-G62 -> 0 | H63: =H36-H62 -> 0

Sheet Table A (Anschutz) 
A1: Table A: FY 2026-27 Current Funds Budget
A2: University of Colorado
A3: Anschutz Campus
A5: Description | B5: FY 2025-26 | D5: FY 2026-27
B6: Original Total Current Funds | C6: June Estimate Total Current Funds | D6: Education & General Fund | E6: Auxiliary & Self-Funded Activities | F6: Restricted Fund | G6: Total Current Funds Budget
A7: Revenues
A8: Student Tuition and Fees
A9: Resident Tuition
A10: Resident Tuition - COF | B10: 1711882 | C10: 1711882 | D10: 1742057 | E10: 0 | F10: 0 | G10: =SUM(D10:F10) -> 1742057
A11: UndergraduateTuition - Student Share | B11: 9714685 | C11: 9634990 | D11: 10162198 | E11: 0 | F11: 0 | G11: =SUM(D11:F11) -> 10162198
A12: Graduate | B12: 66109996 | C12: 65664630 | D12: 66964710 | E12: 0 | F12: 0 | G12: =SUM(D12:F12) -> 66964710
A13: Non-Resident Tuition
A14: Undergraduate | B14: 2180127 | C14: 2890747 | D14: 1972457 | E14: 0 | F14: 0 | G14: =SUM(D14:F14) -> 1972457
A15: Graduate | B15: 37842842 | C15: 37988434 | D15: 41874713 | E15: 0 | F15: 0 | G15: =SUM(D15:F15) -> 41874713
A16: Other tuition - Continuing Education | B16: 10249751 | C16: 10997698 | D16: 0 | E16: 10740466 | F16: 0 | G16: =SUM(D16:F16) -> 10740466
A17: Student fees | B17: 12505992 | C17: 12523916 | D17: 3586419 | E17: 9001825 | F17: 0 | G17: =SUM(D17:F17) -> 12588244
A18: Accountable Student fees | B18: 10576451 | C18: 11037442 | D18: 11361301 | E18: 0 | F18: 0 | G18: =SUM(D18:F18) -> 11361301
A19: Subtotal - Student Tuition and Fees | B19: =SUM(B10:B18) -> 150891726 | C19: =SUM(C10:C12,C14:C18) -> 152449739 | D19: =SUM(D10:D12,D14:D18) -> 1.3766385e+08 | E19: =SUM(E10:E12,E14:E18) -> 19742291 | F19: =SUM(F10:F12,F14:F18) -> 0 | G19: =SUM(G10:G12,G14:G18) -> 1.5740615e+08
A20: Investment and Interest Income | B20: 19216358 | C20: 31839536 | D20: 0 | E20: 27623428 | F20: 0 | G20: =SUM(D20:F20) -> 27623428
A21: Grants and Contracts
A22: Federal Grants & Contracts | B22: 385165023 | C22: 391126968 | D22: 0 | E22: 0 | F22: 391126968 | G22: =SUM(D22:F22) -> 391126968
A23: State and Local Grants & Contracts | B23: 36793422 | C23: 30856625 | D23: 0 | E23: 0 | F23: 31412397 | G23: =SUM(D23:F23) -> 31412397
A24: Tobacco Funding | B24: 13838573 | C24: 13838573 | D24: 12839508 | E24: 0 | F24: 0 | G24: =SUM(D24:F24) -> 12839508
A25: Marijuana Tax Cash Fund | B25: 3125000 | C25: 3500812 | D25: 3250000 | E25: 0 | F25: 0 | G25: =SUM(D25:F25) -> 3250000
A26: Fee for Service Contract | B26: =116435493-817563-1277293 -> 114340637 | C26: 114340637 | D26: 115465756 | E26: 0 | F26: 0 | G26: =SUM(D26:F26) -> 115465756
A27: Subtotal - Grants & Contracts | B27: =SUM(B20:B26) -> 572479013 | C27: =SUM(C20:C26) -> 585503151 | D27: =SUM(D20:D26) -> 131555264 | E27: =SUM(E20:E26) -> 27623428 | F27: =SUM(F20:F26) -> 422539365 | G27: =SUM(G20:G26) -> 581718057
A28: Private/other gifts, grants and contracts | B28: 318682841 | C28: 334105677 | D28: 0 | E28: 0 | F28: 355285560 | G28: =SUM(D28:F28) -> 355285560
A29: Sales & Services of educational departments | B29: 278489160 | C29: 277360948 | D29: 0 | E29: 293868958 | F29: 0 | G29: =SUM(D29:F29) -> 293868958
A30: Auxiliary Operating Revenues | B30: 8723099 | C30: 8834660 | D30: 0 | E30: 9368710 | F30: 0 | G30: =SUM(D30:F30) -> 9368710
A31: Health Services | B31: 1797524954 | C31: 1827000000 | D31: 2219267 | E31: 1927062731 | F31: 0 | G31: =SUM(D31:F31) -> 1929281998
A32: Other Revenues: | C32: 0 | D32: 0 | E32: 0 | F32: 0
A33: Indirect Cost Reimbursement | B33: 156589624 | C33: 157456446 | D33: 154307317 | E33: 0 | F33: 0 | G33: =SUM(D33:F33) -> 154307317
A34: Denver AHEC Library Funding | B34: 0 | C34: 0 | D34: 0 | E34: 0 | F34: 0 | G34: =SUM(D34:F34) -> 0
A35: Other Sources | B35: 51049637 | C35: 46973176 | D35: 15919722 | E35: 25904052 | F35: 6887630 | G35: =SUM(D35:F35) -> 48711404
A36: TOTAL REVENUES | B36: =SUM(B28:B35)+B27+B19 -> 3334430054 | C36: =SUM(C28:C35)+C27+C19 -> 3389683797 | D36: =SUM(D28:D35)+D27+D19 -> 4.4166542e+08 | E36: =SUM(E28:E35)+E27+E19 -> 2303570170 | F36: =SUM(F28:F35)+F27+F19 -> 784712555 | G36: =SUM(G28:G35)+G27+G19 -> 3.5299481e+09
A38: Expenditures
A39: Educational & General:
A40: Instruction | B40: =550083214 -> 550083214 | C40: 5.6148525e+08 | D40: 2.0806453e+08 | E40: 1.8456328e+08 | F40: 1.6906986e+08 | G40: =SUM(D40:F40) -> 5.6169767e+08
A41: Research | B41: 505987408 | C41: 5.4310381e+08 | D41: 8409.0208 | E41: 3778688.1 | F41: 5.3930306e+08 | G41: =SUM(D41:F41) -> 5.4309016e+08
A42: Public Service | B42: 197295389 | C42: 2.1791386e+08 | D42: 0 | E42: 1.6230834e+08 | F42: 61282700 | G42: =SUM(D42:F42) -> 2.2359104e+08
A43: Academic Support | B43: 67579964 | C43: 75919379 | D43: 69541869 | E43: 9178727.5 | F43: 1546950.5 | G43: =SUM(D43:F43) -> 80267547
A44: Student Services | B44: 6404811 | C44: 6276935.1 | D44: 6119652.1 | E44: 499687.76 | F44: 88575.536 | G44: =SUM(D44:F44) -> 6707915.4
A45: Institutional Support | B45: 85188502 | C45: 90711977 | D45: 74807692 | E45: 14492335 | F45: 6366886.2 | G45: =SUM(D45:F45) -> 95666913
A46: Operations of Plant | B46: 58206572 | C46: 57746445 | D46: 34433565 | E46: 25020330 | F46: 0 | G46: =SUM(D46:F46) -> 59453895
A47: Scholarships & Fellowships | B47: 17928289 | C47: 19786415 | D47: 2158450.5 | E47: 7030.7561 | F47: 18578803 | G47: =SUM(D47:F47) -> 20744284
A48: Auxiliary operating expenditures | B48: 14627847 | C48: 14106647 | D48: 0 | E48: 14400800 | F48: 0 | G48: =SUM(D48:F48) -> 14400800
A49: Health Services | B49: 1772726842 | C49: 1747756597 | D49: 2121652.2 | E49: 1.8725766e+09 | F49: 539594.51 | G49: =SUM(D49:F49) -> 1.8752379e+09
A50: Other | B50: 0 | C50: 69194.808 | D50: 0 | E50: 0 | F50: 0 | G50: =SUM(D50:F50) -> 0
A51: TOTAL EXPENDITURES | B51: =SUM(B40:B50) -> 3276028838 | C51: =SUM(C40:C50) -> 3.3348765e+09 | D51: =SUM(D40:D50) -> 3.9725582e+08 | E51: =SUM(E40:E50) -> 2.2868259e+09 | F51: =SUM(F40:F50) -> 7.9677643e+08 | G51: =SUM(G40:G50) -> 3.4808581e+09
A52: Transfers Between Funds
A53: Mandatory Transfers
A54: Principal and interest | B54: 36444795 | C54: 34172339 | D54: 4512077 | E54: 35584477 | F54: 0 | G54: =SUM(D54:F54) -> 40096554
A55: Renewals & replacements | B55: 0 | C55: 0 | D55: 0 | E55: 0 | F55: 0 | G55: =SUM(D55:F55) -> 0
A56: Matching funds/Other | B56: 0 | C56: 0 | D56: 0 | E56: 0 | F56: 0 | G56: =SUM(D56:F56) -> 0
A57: Subtotal -- Mandatory Transfers | B57: =SUM(B54:B56) -> 36444795 | C57: =SUM(C54:C56) -> 34172339 | D57: =SUM(D54:D56) -> 4512077 | E57: =SUM(E54:E56) -> 35584477 | F57: =SUM(F54:F56) -> 0 | G57: =SUM(G54:G56) -> 40096554
A58: Voluntary Transfers & Other
A59: Restricted receipts to be expended in future years | B59: 0 | C59: 0 | D59: 0 | E59: 0 | F59: 0 | G59: =SUM(D59:F59) -> 0
A60: Other | B60: =24051277-2094856 -> 21956421 | C60: 20634948 | D60: 39897530 | E60: -18840159 | F60: -12063876 | G60: =SUM(D60:F60) -> 8993494.7
A61: Subtotal Voluntary Transfers | B61: =B59+B60 -> 21956421 | C61: =C59+C60 -> 20634948 | D61: =D59+D60 -> 39897530 | E61: =E59+E60 -> -18840159 | F61: =F59+F60 -> -12063876 | G61: =SUM(G59:G60) -> 8993494.7
A62: TOTAL EXPENDITURES & TRANSFERS | B62: =B51+B57+B61 -> 3334430054 | C62: =C51+C57+C61 -> 3.3896838e+09 | D62: =D51+D57+D61 -> 4.4166542e+08 | E62: =E51+E57+E61 -> 2.3035702e+09 | F62: =F51+F57+F61 -> 7.8471256e+08 | G62: =G51+G57+G61 -> 3.5299482e+09
A63: Over/(Under) | B63: =B36-B62 -> 0 | C63: =C36-C62 -> -0.040000916 | D63: =D36-D62 -> 0 | E63: =E36-E62 -> 0.17714787 | F63: =F36-F62 -> -0.4294939 | G63: =G36-G62 -> -0.25234652
A65: <1> Of this FY 2026-27 Tobacco Funding amount, $1,467,372 is for tobacco-related in-state Cancer Research at CU Anschutz
A66: <2> Of this FY 2026-27 Marijuana Tax Cash Fund amount: $1,250,000 is for the expansion of the Medication-Assisted Treatment Pilot Program (SB21-137) $2,000,000 is for the School of Public Health for the Regulation of Marijuana for Safe Consumption (HB 21-1317)
A67: <3> Of this FY 2026-27 Fee for Service Contract amount: $500,000 is for the Alzheimer's Disease Treatment and Research Center (SB14-211, COF FFS 23-18-304) $485,000 is for the Rural Health Program (SB22-172) $125,000 is for the Perinatal Data Linkage $974,848 is for the Access to Healthcare for Older Coloradoans (SB 23-031, COF FFS 23-18-308)
A68: <4> Of this FY 2026-27 Fee for Service Contract amount, $113,880,907 is for Specialty Education Programs identified for CU Anschutz (COF FFS 23-18-303.5). See FY 2026-27 Long Bill - HB26-1410, Footnote 24, for more detail on the Colorado Department of Higher Education transfers to the Colorado Department of Health Care Policy and Financing.
